Cogmind - Beta 13 @@@ ROGUE MODE // 2024.03.30 @ 21:25:58 Player: Alphabethead Result: Destroyed by G-47 Trooper with Particle Gun Performance ------------- Evolutions (2) 1000 Regions Visited (5) 1000 Robots Destroyed (22) 110 Value Destroyed (637) 637 Prototype IDs (0) 0 Alien Tech Used (0) 0 Bonus (0) 0 TOTAL SCORE: 2747 Bonus ------- None Cogmind --------- Core Integrity 0/550 Matter 300/300 Energy 100/100 System Corruption 10% Temperature Cool (9) Movement Core (350) Ox6 Location -8/Materials Parts ------- > --- POWER (1) -------- (None) > --- PROPULSION (3) --- (None) > --- UTILITY (4) ------ Large Storage Unit Hacking Suite > --- WEAPON (3) ------- (None) > --- INVENTORY (15) --- Heat Sink Large Storage Unit Medium Matter Pod (100) Tractor Beam Peak State ------------ > --- POWER ------------ (None) > --- PROPULSION ------- Aluminum Leg Flexi-carbon Leg Flight Unit > --- UTILITY ---------- Heat Sink Large Storage Unit Compact Matter Pod Hacking Suite > --- WEAPON ----------- Medium Laser Assault Rifle Bore Cannon > --- INVENTORY -------- Light Ion Engine Wheel Wheel Heat Sink Large Storage Unit Medium Matter Pod Melee Analysis Suite Medium Armor Plating Hardened Light Armor Plating Tractor Beam Shock Bomb Launcher Heavy Explosive Trap Heavy Explosive Trap Heavy Explosive Trap [Rating: 24] Favorites ----------- Power Light Ion Engine Engine Light Ion Engine Propulsion Aluminum Leg Leg Aluminum Leg Wheel Wheel Flight Unit Flight Unit Utility Heat Sink Device Heat Sink Storage Large Storage Unit Processor Melee Analysis Suite Hackware Hacking Suite Protection Medium Armor Plating Weapon Assault Rifle Energy Gun Medium Laser Ballistic Gun Assault Rifle Ballistic Cannon Bore Cannon Launcher Rocket Launcher Build | -11 -10 -10 -10 -9 -8 ------- Run | Yrd Mat Min Exi Min Mat Slots Evolved 4 | . . . . . 4 Power . | . . . . . . Propulsion 1 | . . . . . 1 Utility 2 | . . . . . 2 Weapon 1 | . . . . . 1 Parts Attached 45 | 10 5 1 . 8 21 Power 5 | 2 . . . 1 2 Engine 5 | 2 . . . 1 2 Core . | . . . . . . Reactor . | . . . . . . Propulsion 10 | 3 . . . 1 6 Treads . | . . . . . . Leg 6 | 3 . . . 1 2 Wheel 3 | . . . . . 3 Hover . | . . . . . . Flight 1 | . . . . . 1 Utility 16 | 1 4 . . 1 10 Device 5 | 1 2 . . 1 1 Storage 4 | . 1 . . . 3 Processor 2 | . 1 . . . 1 Hackware 1 | . . . . . 1 Protection 4 | . . . . . 4 Artifact . | . . . . . . Weapon 14 | 4 1 1 . 5 3 Energy Gun 6 | 3 . . . 2 1 Energy Cannon . | . . . . . . Ballistic Gun 2 | 1 . . . 1 . Ballistic Cannon 1 | . . . . . 1 Launcher 5 | . 1 1 . 2 1 Special Weapon . | . . . . . . Impact Weapon . | . . . . . . Slashing Weapon . | . . . . . . Piercing Weapon . | . . . . . . Special Melee Weapon . | . . . . . . Unidentified Prototypes . | . . . . . . Corrupted Parts 2 | . . . . . 2 System Corruption 7 | . . . . . 7 Parts Lost 26 | . . . . 5 21 Power 3 | . . . . 1 2 Propulsion 9 | . . . . 1 8 Utility 6 | . . . . . 6 Weapon 8 | . . . . 3 5 Highest Loss Streak 10 | . . . . 5 10 To Critical Strikes . | . . . . . . Average Slot Usage (%) 90 | . 98 100 100 96 73 Engine 9 | . 14 14 14 11 3 Leg 22 | . 28 28 28 27 11 Wheel 1 | . . . . . 4 Flight 1 | . . . . . 4 Device 11 | . 13 14 14 14 4 Storage 13 | . 12 14 14 14 13 Hackware 2 | . . . . . 7 Protection 1 | . . . . . 6 Energy Gun 4 | . 5 . . 7 4 Ballistic Gun 11 | . 14 14 14 13 4 Ballistic Cannon 1 | . . . . . 4 Launcher 7 | . 8 14 14 7 3 Naked Turns . | . . . . . . Heaviest Build 43 | 8 29 30 30 36 43 Greatest Support 30 | 20 20 20 20 30 30 Greatest Overweight (x) 10 | . 1 1 1 2 10 Average Overweight (x) . | . . 1 1 . 1 Largest Inventory Capacity 15 | 5 15 15 15 15 15 Average Capacity 13 | 5 14 15 15 15 15 Most Carried 15 | 5 13 15 15 15 14 Average Carried 10 | 3 7 14 15 14 9 Final Capacity 15 | 5 15 15 15 15 15 Final Carried 15 | 4 12 15 15 13 4 Class Distribution -------------------- 88% | Mutant 8% | Gunner 3% | Tank Dominant Class ---------------- Mutant | -10/Materials Mutant | -10/Mines Mutant | -10/Exiles Mutant | -9/Mines Mutant | -8/Materials Resources | -11 -10 -10 -10 -9 -8 ----------- Run | Yrd Mat Min Exi Min Mat Matter Collected 836 | 305 29 . . 236 266 Remotely . | . . . . . . Salvage Created 627 | 57 15 . . 120 435 Parts 29 | 3 3 . . 4 19 Haulers Intercepted . | . . . . . . Recyclers Shooed . | . . . . . . Parts Field Recycled . | . . . . . . Retrieved Matter . | . . . . . . Parts Self-Destructed . | . . . . . . Prevented . | . . . . . . Kills | -11 -10 -10 -10 -9 -8 ------- Run | Yrd Mat Min Exi Min Mat Combat Hostiles Destroyed 14 | 1 . . . 7 6 Melee 1 | . . . . . 1 Guns 6 | 1 . . . 5 . AOE 5 | . . . . 2 3 Classes Destroyed 10 | 2 1 . . 3 4 Worker 2 | . . . . . 2 Builder 3 | . . . . . 3 Tunneler 1 | 1 . . . . . Watcher 2 | . 1 . . . 1 Swarmer 4 | . . . . 4 . Grunt 3 | 1 . . . . 2 Brawler 1 | . . . . . 1 Duelist 1 | . . . . 1 . Demolisher 2 | . . . . 2 . Hunter 3 | . . . . . 3 Best Kill Streak 4 | 2 1 . . 4 3 Combat Bots Only 4 | 1 . . . 4 2 Max Kills in Single Turn 3 | 2 1 . . 2 3 Gunslinging 1 | . . . . 1 . Exploded 2 | . . . . 1 2 Melee 1 | . . . . . 1 Uniques/NPCs Destroyed . | . . . . . . Combat | -11 -10 -10 -10 -9 -8 -------- Run | Yrd Mat Min Exi Min Mat Hostile Shots Fired 164 | 7 . . . 24 133 Missed 32 | 1 . . . 7 24 Damage Taken 2639 | 67 . . . 624 1948 Core 733 | . . . . 175 558 Absorbed by Shields . | . . . . . . Core Remaining (%) 65 | 100 . . . 30 . Volleys Fired 43 | 5 1 . . 11 26 Largest 3 | 2 2 . . 2 3 Hottest 127 | 70 50 . . 70 127 Shots Fired 69 | 10 2 . . 22 35 Gun 38 | 10 1 . . 16 11 Cannon 4 | . . . . . 4 Launcher 27 | . 1 . . 6 20 Special . | . . . . . . Kinetic 23 | 5 1 . . 9 8 Thermal 15 | 5 . . . 3 7 Explosive 7 | . 1 . . 6 . Electromagnetic 24 | . . . . 4 20 Robot Hit Streak 8 | 7 8 . . 8 5 Robot Miss Streak 4 | 1 . . . 4 4 Penetration Max 1 | . . . . . 1 Secondary Targets 1 | . . . . 1 . Max Gunslinging Chain 1 | . . . . 1 . Shots Hit Robots 40 | 7 1 . . 15 17 Core Hits 49 | 3 1 . . 19 26 Critical Kills 1 | . . . . . 1 Critical Parts Destroyed 2 | . . . . . 2 Critical Strikes 4 | . . . . 1 3 Burn 1 | . . . . 1 . Destroy 3 | . . . . . 3 Melee Attacks . | . . . . . . Impact . | . . . . . . Slashing . | . . . . . . Piercing . | . . . . . . Sneak Attacks . | . . . . . . Combat Hostiles . | . . . . . . Follow-up Attacks . | . . . . . . Damage Inflicted 1324 | 92 30 . . 264 938 Guns 356 | 92 15 . . 164 85 Cannons 63 | . . . . . 63 Explosions 878 | . 15 . . 100 763 Melee . | . . . . . . Ramming 27 | . . . . . 27 Kinetic 239 | 53 15 . . 78 93 Thermal 165 | 39 . . . 36 90 Explosive 115 | . 15 . . 100 . Electromagnetic 778 | . . . . 50 728 Impact . | . . . . . . Slashing . | . . . . . . Piercing . | . . . . . . Highest Corruption 10 | . . . . . 10 Average Corruption 5 | . . . . . 5 Corruption Purged . | . . . . . . Corruption Blocked . | . . . . . . Effects 8 | . . . . . 8 Message Errors 1 | . . . . . 1 Matter Fused 1 | . . . . . 1 Heat Flow Errors 1 | . . . . . 1 Energy Discharges 2 | . . . . . 2 Parts Fused 1 | . . . . . 1 Data Loss (major) 1 | . . . . . 1 Misfires 1 | . . . . . 1 Overload Shots . | . . . . . . Overflow Damage 7 | . . . . . 7 Projectiles . | . . . . . . Explosions 7 | . . . . . 7 Melee . | . . . . . . Knockbacks 1 | . . . . . 1 Impact . | . . . . . . Kinetic 1 | . . . . . 1 Secondary . | . . . . . . Self-Inflicted Damage 120 | . . . . 24 96 Shots 5 | . . . . 1 4 Rammed 10 | . . . . . 10 Targets Rammed 27 | . . . . . 27 Kicked 17 | . . . . . 17 Crushed . | . . . . . . Highest Temperature 211 | 81 . . . . 211 Average Temperature 78 | 45 . . . . 91 Received Heat Transfer 684 | 36 . . . . 648 Effects 3 | . . . . . 3 Interference 3 | . . . . . 3 Siege Activations . | . . . . . . Robots Corrupted 2 | . . . . . 2 Combat Hostiles 2 | . . . . . 2 Parts Fried 3 | . . . . . 3 Impact Corruptions . | . . . . . . Robots Melted . | . . . . . . Combat Hostiles . | . . . . . . Parts Melted . | . . . . . . Heat Transferred 494 | 111 . . . 185 198 Parts Sabotaged . | . . . . . . Parts Stolen . | . . . . . . Parts Stripped . | . . . . . . Power Chain Reactions 1 | . . . . . 1 Alert | -11 -10 -10 -10 -9 -8 ------- Run | Yrd Mat Min Exi Min Mat Peak Influence 145 | 25 17 6 . 142 145 Initial 11 | . . 6 . . 11 Average 24 | 17 7 6 . 36 36 Maximum Alert Level . | . . . . . . Low Security (%) 100 | 100 100 100 . 100 100 Level 1 . | . . . . . . Level 2 . | . . . . . . Level 3 . | . . . . . . Level 4 . | . . . . . . Level 5 . | . . . . . . High Security . | . . . . . . Max Security . | . . . . . . Squads Dispatched 2 | . . . . . 2 Investigation . | . . . . . . Extermination . | . . . . . . Reinforcement 2 | . . . . . 2 Assault . | . . . . . . Garrison . | . . . . . . Intercept . | . . . . . . Searches Triggered . | . . . . . . Construction Impeded 1 | . . . . . 1 Haulers Reinforced . | . . . . . . Active Scanning Responses . | . . . . . . Cargo Convoy Interrupts . | . . . . . . Stealth | -11 -10 -10 -10 -9 -8 --------- Run | Yrd Mat Min Exi Min Mat Distress Signals . | . . . . . . Communications Jammed . | . . . . . . Distress Signals . | . . . . . . Times Spotted 27 | 1 1 . . 7 18 Peak Tracking Total 4 | 1 1 . . 4 4 Tactical Retreats 5 | . . . . . 5 Traps | -11 -10 -10 -10 -9 -8 ------- Run | Yrd Mat Min Exi Min Mat Traps Triggered 2 | . . . . . 2 Indirectly . | . . . . . . Trap Hack Attempts . | . . . . . . Triggered . | . . . . . . Disarmed . | . . . . . . Reprogrammed . | . . . . . . Reused . | . . . . . . Traps Extracted . | . . . . . . Installed 2 | . . . . . 2 Triggered . | . . . . . . Most Traps Carried 3 | . . 3 3 3 3 Machines | -11 -10 -10 -10 -9 -8 ---------- Run | Yrd Mat Min Exi Min Mat Machines Disabled 5 | . . . . . 5 Max in Single Turn 2 | . . . . . 2 Machines Repaired . | . . . . . . Machines Dismantled . | . . . . . . Machines Sabotaged . | . . . . . . Overloaded Fab Kills . | . . . . . . Hacking | -11 -10 -10 -10 -9 -8 --------- Run | Yrd Mat Min Exi Min Mat Machines Accessed 3 | . . . . 1 2 Terminals 2 | . . . . 1 1 Fabricators . | . . . . . . Repair Stations . | . . . . . . Recycling Units . | . . . . . . Scanalyzers 1 | . . . . . 1 Garrison Access . | . . . . . . Total Hacks 15 | . . . . 3 12 Successful 12 | . . . . 3 9 Failed 1 | . . . . . 1 Catastrophic . | . . . . . . Database Lockouts 2 | . . . . . 2 Manual . | . . . . . . Terminals 13 | . . . . 3 10 Fabricators . | . . . . . . Repair Stations . | . . . . . . Recycling Units . | . . . . . . Scanalyzers 2 | . . . . . 2 Garrison Access . | . . . . . . Terminal Hacks 10 | . . . . 3 7 Record 9 | . . . . 2 7 Investigation Status 1 | . . . . 1 . Fabricator Hacks . | . . . . . . Repair Station Hacks . | . . . . . . Recycling Unit Hacks . | . . . . . . Scanalyzer 2 | . . . . . 2 Insert Component 1 | . . . . . 1 Analyze 1 | . . . . . 1 Garrison Access Hacks . | . . . . . . Unauthorized Hacks . | . . . . . . Terminals . | . . . . . . Fabricators . | . . . . . . Repair Stations . | . . . . . . Recycling Units . | . . . . . . Scanalyzers . | . . . . . . Garrison Access . | . . . . . . Data Cores Recovered . | . . . . . . Used . | . . . . . . Hacking Detections 3 | . . . . 1 2 Full Trace Events . | . . . . . . Feedback Events . | . . . . . . Feedback Blocked . | . . . . . . Robot Schematics Acquired . | . . . . . . Robots Built . | . . . . . . Authchips . | . . . . . . Time . | . . . . . . Total Robot Build Rating . | . . . . . . Part Schematics Acquired 1 | . . . . . 1 Parts Built . | . . . . . . Authchips . | . . . . . . Time . | . . . . . . Total Part Build Rating . | . . . . . . Parts Repaired . | . . . . . . Time . | . . . . . . Parts Recycled . | . . . . . . Recycled Matter . | . . . . . . Retrieved Matter . | . . . . . . Retrieved Components . | . . . . . . Parts Scanalyzed 1 | . . . . . 1 Part Schematics Acquired 1 | . . . . . 1 Parts Damaged . | . . . . . . Bothacking | -11 -10 -10 -10 -9 -8 ------------ Run | Yrd Mat Min Exi Min Mat Used RIF Installer . | . . . . . . Robots Hacked . | . . . . . . Non-combat . | . . . . . . Combat . | . . . . . . Robot Hacks Applied . | . . . . . . Relay Couplers Released . | . . . . . . Fabnet Peak Effective % . | . . . . . . Robots Rewired . | . . . . . . Allies Hacked . | . . . . . . Hacks Repelled . | . . . . . . Allies | -11 -10 -10 -10 -9 -8 -------- Run | Yrd Mat Min Exi Min Mat Total Allies . | . . . . . . Largest Group . | . . . . . . Highest-Rated Group . | . . . . . . Highest-Rated Ally . | . . . . . . Total Orders . | . . . . . . Ally Attacks . | . . . . . . Total Damage . | . . . . . . Kills . | . . . . . . Allies Corrupted . | . . . . . . Allies Melted . | . . . . . . Intel | -11 -10 -10 -10 -9 -8 ------- Run | Yrd Mat Min Exi Min Mat Robot Analysis Total . | . . . . . . Derelict Logs Recovered 3 | . . 2 . 1 . Drone Launches . | . . . . . . Drone Recoveries . | . . . . . . Exploration | -11 -10 -10 -10 -9 -8 ------------- Run | Yrd Mat Min Exi Min Mat Turns Passed 2288 | 415 254 362 69 624 564 Spaces Moved 1196 | 270 128 188 37 328 245 Core 25 | 24 . . . . 1 Treads . | . . . . . . Legs 1063 | 246 128 188 37 328 136 Wheels 108 | . . . . . 108 Hover . | . . . . . . Flight . | . . . . . . Fastest Speed 50 | 50 120 190 190 120 95 Average Speed 160 | 113 180 190 190 173 155 Slowest Speed 550 | 120 190 190 190 260 550 Overloaded Moves . | . . . . . . Propulsion Burnouts . | . . . . . . Robots Hopped . | . . . . . . Cave-ins Triggered . | . . . . . . Exploration Rate (%) 27 | 15 19 56 8 45 23 Regions Visited 5 Branch Regions 3 Pre-discovered Areas . | . . . . . . Known Exits Taken 1 | . . . 1 . . Unknown Exits Taken 4 | 1 1 1 . 1 . Scrap Searched 1 | . . . . 1 . Spaces Dug . | . . . . . . Terrain Destroyed 59 | . 8 . . 50 1 Melee . | . . . . . . Projectile 1 | . . . . . 1 AOE 58 | . 8 . . 50 . Terrain Rammed . | . . . . . . Walls Destroyed . | . . . . . . Machines Disabled . | . . . . . . Actions | -11 -10 -10 -10 -9 -8 --------- Run | Yrd Mat Min Exi Min Mat Total 1454 | 370 147 194 36 360 347 Wait 87 | 72 5 . . 2 8 Move 1191 | 269 127 187 36 327 245 Hop . | . . . . . . Pick Up 43 | 10 9 4 . 7 13 Fast Attach 1 | . 1 . . . . Attach 31 | 10 . . . 4 17 Detach 4 | 4 . . . . . Swap 13 | . 4 1 . 4 4 Drop 12 | . . 2 . 5 5 Fire 43 | 5 1 . . 11 26 Melee . | . . . . . . Ram 10 | . . . . . 10 Kick 17 | . . . . . 17 Crush . | . . . . . . Escape Stasis . | . . . . . . Rewire . | . . . . . . Trap 2 | . . . . . 2 Miscellaneous . | . . . . . . Route ------- -11/Scrapyard -10/Materials -10/Mines (discovered 2 exits: [*Mat] / [*Exi]) -10/Exiles (discovered 2 exits: *Min x2) -9/Mines -8/Materials History --------- Turn | Location | Event 2 | -11/Scrapyard | Met Revision 17 86 | -11/Scrapyard | Discovered new exit (range 8) 416 | -11/Scrapyard | Entered Materials 417 | -10/Materials | Build established: Mutant 528 | -10/Materials | Discovered new exit (range 12) 670 | -10/Materials | Entered Mines 689 | -10/Mines | Found a hidden stash of uninstalled traps 824 | -10/Mines | Learned Materials security intel 854 | -10/Mines | Discovered new exit (range 12) 891 | -10/Mines | Received a Rocket Launcher from a helpful Derelict 1003 | -10/Mines | Deemed a non-threat by the Exiles lab entrance 1005 | -10/Mines | Discovered new exit (range 5) 1032 | -10/Mines | Entered Exiles 1033 | -10/Exiles | Identified exit to Mines 1101 | -10/Exiles | Entered Mines 1116 | -9/Mines | Met a Derelict bent on vengeance 1185 | -9/Mines | Learned Materials trap positions 1220 | -9/Mines | Assembled infested the area 1225 | -9/Mines | Assisted by a Guerilla fighting off Assembled 1593 | -9/Mines | Core integrity fell below 50% 1634 | -9/Mines | Lost 5 parts (1p1n3w) 1637 | -9/Mines | Discovered new exit (range 13) 1725 | -9/Mines | Entered Materials 1725 | -8/Materials | Evolved 4 slots: Propulsion x1, Utility x2, Weapon x1 1726 | -8/Materials | Loaded intel: 12 trap records 1847 | -8/Materials | Central database locked down 1847 | -8/Materials | Central database locked down 2066 | -8/Materials | Lost 10 parts (1p3n3u3w) 2217 | -8/Materials | System corruption reached 10% 2236 | -8/Materials | Core integrity fell below 50% 2264 | -8/Materials | Core integrity fell below 20% 2288 | -8/Materials | Lost 10 parts (1p5n2u2w) 2289 | -8/Materials | Destroyed by G-47 Trooper with Particle Gun Last Messages --------------- U-05 Engineer builds a Wall. K-01 Serf collects debris. Slammed into G-47 Trooper. K-01 Serf collects debris. U-05 Engineer lays Concrete. Slammed into G-47 Trooper. U-05 Engineer lays Concrete. U-05 Engineer builds a Door. Critical hit (Burn: +37). Slammed into G-47 Trooper. U-05 Engineer lays Concrete. Slammed into G-47 Trooper. U-05 Engineer builds a Wall. U-05 Engineer lays Concrete. Slammed into G-47 Trooper. U-05 Engineer lays Concrete. Slammed into G-47 Trooper. U-05 Engineer builds a Wall. U-05 Engineer lays Concrete. [Achievement: First Step to Greatness] Map ----- +----------------------------------------------------+ | ?????????????????????????????????????????????????? | | ?????????????????????????????????????????????????? | | ?????????????????????????????????????????????????? | | ?????????????????????????????????????????????????? | | ?????????????????????????????????????????????????? | | ?????????????????????????????????????????????????? | | ?????????????????????????????????????????????????? | | ?????????????????????????????????????????????????? | | ?????????????????????????????????????????????????? | | ?????????????????????????????????????????????????? | | ?????????????????????????????????????????????????? | | ?????????????????????????????????????????????????? | | ?????????????????????????????????????????????????? | | ?????????????????????????????????????????????????? | | ?????????????????????????????????????????????????? | | ?????????????????? ??#######################+##### | | ??????????????????""?# | | ??????????????????"" # | | ???????????????????" # | | ???????????????????? + ####### | | ?????????????????????# " #?????? | | ?????????????????????# """ #?????? | | ?????????############# k #?????? | | ???????? owu k ! #?????? | | ???????? = %% k #?????? | | ???????? k % =%! [ @ % =%| #?????? | | ??????????????########%%g % ######## #?????? | | ?????????????????????#=% # !# !%#?????? | | ?????????????????????# # ! # ####### | | ?????????????????????# %# ! ! # | | ?????????????????????# u # ! | | ?????????????????????# u#k # | | ?????????????????????# # # | | ?????????????????????##+### # #### % | | ?????????????????????????? #####??# | | ????????????????????????? #??????# = | | ?????????^^?????????????? #??????# =% = = | | ?????????^^????????????? #??????# | | ??????????????????????? #??????# | | ??????????????????????? #??????# | | ?????????????????????? ???????####/### | | ?????????????????????? ?????????! ??# #### | | ?????????????????????? ???????? ???# #??? | | ??????????????????????######???????? ????# #??? | | ??????????????????????????????????????????# #### | | ??????????????????????????????????????????# # | | ??????????????????????????????????????????# # " | | ??????????????????????????????????????????# + " | | ???????????????????????????????????????#### # " | | ??????????????????????????????????????##! # | +----------------------------------------------------+ Best States ------------- Heat Dissipation 41 Energy Generation 18 Energy Capacity 150 Matter Stores 300 Matter Capacity 450 Sight Range 16 Terrain Scan Density 10 Armor Coverage 375 Evasion (%) 55 Melee Accuracy 5 Offensive Hacking 10 Item Schematics ----------------- Med. Armor Plating | -8/Materials | Scanalyzed Robot Schematics ------------------ None Fabricated ------------ Nothing Alien Tech Used ----------------- None Achievements -------------- First Step to Greatness Let's See Who's Tougher Please Form A Line Power Corrupts System Compromised Tourist Uninvited Guest Challenges ------------ None Game ------ Seed CannonMicrowarpTearclaws Manual? 0 Play Time 00:55:11 Cumulative 0.9 hours Start 2024.03.30 @ 20:20:16 End 2024.03.30 @ 21:25:58 Sessions 1 Manual Loads 0 Difficulty Rogue Special Mode None Game No. 1 Rogue 1 Adventurer 0 Explorer 0 Win Type - Total 0 Types 0/0/0/0/0/0/0/0/0 Lore% 1 Gallery% 2 Achievement% 2 Wizard Run 0 Options --------- Layout 1 ASCII 0 Keyboard 0 Movement Mouse Keybinds 0 Fullscreen 1 Font 24/Smallcaps Map View 76x35 Zoom Use 0% Tactical HUD 0 Map Filters NONE Filters NONE Steam 1 RUN: 20994622-f9b5-45a5-9258-3947a75a9d4d